 Dungeon Crawl Stone Soup version 0.21-a0-227-g58a7c62 (webtiles) character file.

19 Blomdor the Chopper (level 2, -2/23 HPs)
             Began as a Barachi Skald on Aug 30, 2017.
             Slain by a white imp (5 damage)
             ... summoned by Natasha
             ... on level 2 of the Dungeon.
             The game lasted 00:01:15 (685 turns).

Blomdor the Chopper (Barachi Skald)                  Turns: 685, Time: 00:01:16

Health: -2/23      AC:  3    Str: 12    XL:     2   Next: 75%
Magic:  5/5        EV: 12    Int: 13    God:
Gold:   100        SH:  0    Dex: 11    Spells: 4/5 levels left

rFire    . . .     SeeInvis .   a - +0 hand axe
rCold    . . .     Gourm    .   (no shield)
rNeg     . . .     Faith    .   b - +0 leather armour
rPois    .         Spirit   .   (no helmet)
rElec    .         Reflect  .   (no cloak)
rCorr    .         Harm     .   (no gloves)
MR       .....                  (no boots)
Stlth    +.........             k - amulet of inaccuracy (curse)
HPRegen  0.07/turn              (no ring)
MPRegen  0.09/turn              (no ring)

@: can't hop, slowed, very slow
A: +LOS, swims, slowness 1, strong legs 1
a: Hop


You were on level 2 of the Dungeon.
You were not hungry.

You visited 1 branch of the dungeon, and saw 2 of its levels.

You collected 100 gold pieces.

Inventory:

Hand Weapons
 a - a +0 hand axe (weapon)
Armour
 b - a +0 leather armour (worn)
Jewellery
 k - a cursed amulet of inaccuracy (around neck)
Potions
 e - 2 potions of magic
 f - a potion of agility
 i - 2 potions of haste
Books
 c - a book of Battle

   Spells                             Type                      Level
   a - Infusion                       Charms                       1
   b - Shroud of Golubria             Charms/Translocation         2
   c - Song of Slaying                Charms                       2
   d - Spectral Weapon                Hexes/Charms                 3
   e - Regeneration                   Charms/Necromancy            3
Comestibles
 d - a bread ration
 g - 3 chunks of flesh
 h - a royal jelly
 j - a meat ration


   Skills:
 - Level 2.4 Fighting
 * Level 3.5 Axes
 - Level 1.2 Armour
 - Level 2.1 Dodging
 - Level 2.1 Spellcasting
 - Level 3.2 Charms


You had 4 spell levels left.
You knew the following spells:

 Your Spells              Type           Power        Failure   Level  Hunger
a - Infusion              Chrm           #...         9%          1    ##.....


Dungeon Overview and Level Annotations

Branches:
Dungeon (2/15)

Altars:

Annotations:
D:2 Natasha


Innate Abilities, Weirdness & Mutations

Shadows flee at your approach. (+LOS)
You can swim through water.
You cover ground slowly.
You can hop short distances.


Message History

You miss Natasha.
Natasha is heavily wounded.
Natasha claws you!
* * * LOW HITPOINT WARNING * * *
You barely miss Natasha.
Natasha is heavily wounded.
Natasha mumbles some strange words.
Your leather armour prevents you from hitting Natasha.
Natasha is moderately wounded.
You barely miss the white imp. Natasha casts a spell at you.
The magic dart hits you!
* * * LOW HITPOINT WARNING * * *
The white imp barely misses you. Natasha casts a spell at you.
You feel yourself slow down. The white imp hits you.
* * * LOW HITPOINT WARNING * * *
The white imp freezes you.
You die...

..... ##...## ####.#
#.....# .. ##...##
########.####
#..........#
###..........#
#.....h.#.##.#
#.........##.#####
#...@5..#........#
###..............#
########..........###.#
#.....................#
#.####..#.#..#.....##.#
#.####.>#.#..#...####..
#.##......#..#..)..<..#
#.##.#..###...).......#
#.......####.....######


You could see Natasha and a white imp.

Vanquished Creatures
  2 giant cockroaches (D:1)
  4 goblins (D:1)
  2 hobgoblins
  4 jackals (D:1)
  2 frilled lizards (D:1)
  2 rats
16 creatures vanquished.

Notes
Turn   | Place    | Note
-------+----------+-------------------------------------------
     0 | D:1      | Blomdor the Barachi Skald began the quest for the Orb.
     0 | D:1      | Reached XP level 1. HP: 17/17 MP: 3/3
   108 | D:1      | Reached XP level 2. HP: 7/23 MP: 5/5
   666 | D:2      | Noticed Natasha
   685 | D:2      | Slain by a white imp

Vault maps used:
D:1:      lemuel_arrival_lava_pool
D:2:      lemuel_doored_altar, nicolae_overflow_hidden_temple, uniq_natasha

Skill      XL: |  1  2 |
---------------+-------+-----
Axes           | 3 |  3.5
Fighting       | |  2.4
Armour         | |  1.2
Dodging        | |  2.1
Spellcasting   | |  2.1
Charms         | |  3.2

Action                   || total
-------------------------++-------
Melee: Hand axe          ||    62
 Abil: Hop               ||     3
  Use: Potion            ||     2
       Scroll            ||     1
Armor: Leather armour    ||    15
Dodge: Dodged            ||    45

Table legend:
 A = Spawn XP
 B = Non-spawn XP
 C = Spawn XP percentage of total XP
 D = Spawn monster count
 E = Non-spawn monster count
 F = Spawn count percentage of total count
 G = Total turns spent on level
                    A         B        C        D         E        F      G
               +---------+---------+-------+---------+---------+-------+---------
         Total |       0 |      28 |   0.0 |       0 |      16 |   0.0 |   685
               +---------+---------+-------+---------+---------+-------+---------
           D:1 |       0 |      25 |   0.0 |       0 |      14 |   0.0 |   597
           D:2 |       0 |       3 |   0.0 |       0 |       2 |   0.0 |    88
               +---------+---------+-------+---------+---------+-------+---------
